 Dungeon Crawl Stone Soup version 0.30-b1-2-g02819fbbbe (webtiles) character file.

Game seed: 1493008382710023034

4 Gobbopathe the Trooper (level 1, 0/18 HPs)
             Began as a Demonspawn Chaos Knight on May 14, 2023.
             Was a Plaything of Xom.
             Killed by nerve-wracking pain
             ... invoked by a shadow imp
             ... summoned by Xom
              (4 damage)
             ... on level 2 of the Dungeon.
             The game lasted 00:00:40 (213 turns).

Gobbopathe the Trooper (Demonspawn Chaos Knight)     Turns: 213, Time: 00:00:41

Health: 0/18       AC:  5    Str: 12    XL:     1   Next: 58%
Magic:  1/1        EV: 11    Int: 13    God:    Xom [......]
Gold:   0          SH:  4    Dex: 12    Spells: 0/0 levels left

rFire   . . .        a - +0 hand axe (chaos)
rCold   . . .        (no shield)
rNeg    . . .        b - +2 leather armour
rPois   .            (no helmet)
rElec   .            (no cloak)
rCorr   .            (no gloves)
SInv    .            (no boots)
Will    .....        (no amulet)
Stlth   +            (no ring)
HPRegen 0.23/turn    (no ring)
MPRegen 0.07/turn

%: clarity
@: no status effects
A: large bone plates 1, clarity, no potion heal 1
a: Renounce Religion


You were on level 2 of the Dungeon.
You worshipped Xom.
You were a very special plaything of Xom.
You visited 1 branch of the dungeon, and saw 2 of its levels.

Inventory:

Hand Weapons
 a - a +0 hand axe of chaos (weapon)
Armour
 b - a +2 leather armour (worn)
Miscellaneous
 c - a piece from Xom's chessboard (15/15) (quivered)


   Skills:
 + Level 3.1 Fighting
 * Level 2.9 Axes
 - Level 1.7 Armour
 - Level 0.8 Dodging


You couldn't memorise any spells.
You didn't know any spells.
Your spell library contained the following spells:

 Spells                   Type           Power      Damage    Failure   Level
 Gell's Gravitas          Tloc           0%         N/A       75%         3
 Teleport Other           Tloc           0%         N/A       75%         3
 Dispersal                Tloc           0%         N/A       100%        6


Dungeon Overview and Level Annotations

Branches:
Dungeon (2/15) Zot: 11783

Altars:


Innate Abilities, Weirdness & Mutations

You are partially covered in large bone plates. (SH +4)
You possess an exceptional clarity of mind.
Potions are less effective at restoring your health.


Message History

You hit the gnoll but do no damage.
The gnoll seems to grow stronger.
The gnoll closely misses you. The quokka closely misses you.
The gnoll hits you but does no damage.
The quokka bites you but does no damage.
The quokka attacks as you move away! The quokka bites you.
You closely miss the quokka. The quokka misses you. The quokka bites you.
You hit the quokka but do no damage.
The quokka resists with some effort.
The quokka bites you.
You closely miss the quokka. The quokka bites you.
The quokka barely misses you. The quokka attacks as you move away!
The quokka bites you. The quokka attacks as you move away!
The quokka bites you. The quokka attacks as you move away!
The quokka bites you but does no damage.
The quokka barely misses you. The quokka attacks as you move away!
The quokka closely misses you. The quokka attacks as you move away!
The quokka closely misses you.
There is a stone staircase leading down here.
The quokka barely misses you.
You climb downwards.
There is a stone staircase leading up here.
You hit the rat.
You kill the rat!
You hit the quokka.
The quokka resists with significant effort.
The quokka bites you but does no damage.
The quokka misses you.
You slash the quokka!
You kill the quokka!
You start resting. "Fight to survive, mortal."
The shadow imp gestures at you. Pain shoots through your body!
* * * LOW HITPOINT WARNING * * *
You closely miss the shadow imp. You block the shadow imp's attack.
There is a stone staircase leading up here.
The shadow imp gestures at you. Pain shoots through your body!
You die...
Xom yawns loudly!

. . ## ...
...##8#####.....
.......†@.......
.......5##......
........# .....
#8###8### ....
## ###


You could see a shadow imp (summoned).

Vanquished Creatures
  A quokka (D:2)
  A ball python (D:1)
  A bat (D:1)
  A frilled lizard (D:1)
  2 rats
6 creatures vanquished.

Notes
Turn   | Place    | Note
-------+----------+-------------------------------------------
     0 | D:1      | Gobbopathe the Demonspawn Chaos Knight began the quest for
                  | the Orb.
     0 | D:1      | Reached XP level 1. HP: 18/18 MP: 1/1
    55 | D:1      | XOM: silly message
   131 | D:1      | XOM: divination: magic mapping
   165 | D:1      | XOM: give mutations
   165 | D:1      | Gained mutation: You possess an exceptional clarity of
                  | mind. [Xom's mischief]
   165 | D:1      | Gained mutation: Potions are less effective at restoring
                  | your health. [Xom's mischief]
   165 | D:1      | Gained mutation: You are partially covered in large bone
                  | plates. (SH +4) [Xom's mischief]
   180 | D:1      | XOM: polymorph bat -> gnoll
   209 | D:2      | XOM: summons 1 hostile demon
   213 | D:2      | Killed from afar by a shadow imp

Illustrated notes

Levels and vault maps discovered:
D:1:      psy_arrival_basics, layout_basic,
          shapermc_ecumenical_altar_mp_urbaneastern
D:2:      layout_basic, basic_altar, serial_corexii_hall,
          corexii_hall_statues_u, corexii_hall_statues_x

Action                     || total
---------------------------++-------
  Melee: Hand axe          ||    16
 Armour: Leather armour    ||     7
  Dodge: Dodged            ||    15
  Block: Other             ||     1
